 Dungeon Crawl Stone Soup version 0.28-a0-802-g09f76e8c00 (webtiles) character file.

Game seed: 7733291690169985478

1124 pokeman the Thaumaturge (level 8, 0/45 HPs)
             Began as a Deep Elf Hedge Wizard on Nov 6, 2021.
             Was an Initiate of Vehumet.
             Slain by Maggie (1 damage)
             ... on level 6 of the Dungeon.
             The game lasted 00:12:19 (6069 turns).

pokeman the Thaumaturge (Deep Elf Hedge Wizard)     Turns: 6069, Time: 00:12:20

Health: 0/45       AC:  3    Str:  7    XL:     8   Next: 13%
Magic:  12/23      EV: 12    Int: 22    God:    Vehumet [......]
Gold:   312        SH:  0    Dex: 14    Spells: 14/25 levels left

rFire   + . .      SeeInvis .   w - staff of fire
rCold   . . .      Faith    .   (no shield)
rNeg    . . .      Spirit   .   u - +0 leather armour
rPois   .          Reflect  .   c - +0 hat
rElec   .          Harm     .   (no cloak)
rCorr   .          Rampage  .   (no gloves)
Will    .....                   (no boots)
Stlth   ++........              (no amulet)
HPRegen 0.15/turn               (no ring)
MPRegen 0.18/turn               (no ring)

@: no status effects
A: no striking features
a: Renounce Religion


You were on level 6 of the Dungeon.
You worshipped Vehumet.
Vehumet was noncommittal.
You visited 2 branches of the dungeon, and saw 7 of its levels.

You collected 312 gold pieces.

Inventory:

Missiles
 h - 80 arrows
 t - 38 bolts
 y - a throwing net
Armour
 c - a +0 hat (worn)
 u - a +0 leather armour (worn)
 z - the +1 ring mail of the Eight Boll Weevils {rF+ rC- Int+9}
   (You found it on level 6 of the Dungeon)

   Int:       It affects your intelligence (+9).
   rF:        It protects you from fire.
   rC:        It makes you vulnerable to cold.
Magical Staves
 w - a staff of fire (weapon)
Jewellery
 m - an amulet of faith
Wands
 a - a wand of iceblast (7)
Scrolls
 b - a scroll of magic mapping {unknown}
 f - a scroll of holy word {unknown}
 k - a scroll of blinking {unknown}
 l - 3 scrolls of enchant armour {unknown}
 n - 2 scrolls of identify {unknown}
 o - 2 scrolls of vulnerability {unknown}
 p - 2 scrolls of fog {unknown}
 q - a scroll of torment {unknown}
 r - a scroll of immolation {unknown}
 v - 2 scrolls of teleportation {unknown}
 x - a scroll of amnesia {unknown}
Potions
 d - 3 potions of curing {unknown}
 e - a potion of brilliance {unknown}
 g - 2 potions of heal wounds {unknown}
 i - a potion of ambrosia {unknown}
 j - a potion of flight {unknown}
 s - a potion of attraction {unknown}


   Skills:
 - Level 2.4 Fighting
 + Level 1.1 Armour
 - Level 3.1 Dodging
 - Level 3.0 Stealth
 * Level 9.2 Spellcasting
 + Level 4.7 Conjurations
 - Level 1.1 Summonings
 - Level 1.1 Translocations
 + Level 3.3 Fire Magic
 - Level 1.0 Air Magic
 - Level 1.0 Poison Magic
 - Level 1.0 Evocations


You had 14 spell levels left.
You knew the following spells:

 Your Spells              Type           Power      Damage    Failure   Level
a - Magic Dart            Conj           100%       1d8       1%          1
b - Mephitic Cloud        Conj/Pois/Air  20%        N/A       11%         3
c - Call Imp              Summ           14%        N/A       10%         2
d - Blink                 Tloc           28%        N/A       10%         2
e - Conjure Flame         Conj/Fire      42%        6-21      5%          3

Your spell library contained the following spells:

 Spells                   Type           Power      Damage    Failure   Level
 Slow                     Hex            40%        N/A       10%         1
 Confusing Touch          Hex            10%        N/A       28%         3
 Vampiric Draining        Necr           10%        2d6       28%         3


Dungeon Overview and Level Annotations

Branches:
Dungeon (6/15)             Temple (1/1) D:5

Altars:
Ashenzari
Dithmenos
Elyvilon
Fedhas
Gozag
Kikubaaqudgha
Makhleb
Sif Muna
Trog
Vehumet
Zin
The Shining One

Shops:
D:4 =

Annotations:
D:6 Maggie


Message History

The ball explodes into a vile cloud!
The stinking cloud engulfs Maggie but does no damage.
Maggie is heavily wounded.
Maggie is engulfed in noxious fumes.
Maggie appears confused.
Unknown command.
Maggie is engulfed in noxious fumes.
Maggie appears confused.
Maggie barely misses you.
Casting: Mephitic Cloud (dangerous; 11% risk of failure)
Confirm with . or Enter, or press ? or * to list all spells.
You feel a surge of power!
The fire begins to smoulder!
Maggie is engulfed in noxious fumes.
Maggie appears confused.
Maggie hits you with a +1 glaive of flaming!
* * * LOW HITPOINT WARNING * * *
Unknown command.
Maggie is engulfed in noxious fumes.
The fire ignites!
There is a stone staircase leading up here.
Casting: Conjure Flame (dangerous; 5% risk of failure)
Confirm with . or Enter, or press ? or * to list all spells.
A beastly little devil appears in a puff of flame.
Casting: Call Imp (safe; 10% risk of failure)
Confirm with . or Enter, or press ? or * to list all spells.
Okay, then.
Unknown command.
Casting: Call Imp (safe; 10% risk of failure)
Confirm with . or Enter, or press ? or * to list all spells.
Aiming: Magic Dart (safe; 1% risk of failure)
Press: ? - help, Shift-Dir - straight line, f/p - Maggie
Aim: Maggie, wielding a +1 glaive of flaming and wearing +0 acid dragon scales (noxious fumes, severely wounded, confused, ally target, 100% to hit)
The magic dart hits Maggie.
Maggie is severely wounded.
Maggie is engulfed in noxious fumes.
Maggie appears confused.
Your crimson imp hits Maggie.
Your magical contamination has completely faded away.
You hit Maggie. You burn Maggie.
Maggie is almost dead.
Maggie is engulfed in blazing flames.
Maggie hits you with a +1 glaive of flaming!
* * * LOW HITPOINT WARNING * * *
Maggie burns you.
You die...

#.. #....#..# ...
#.####).# #..#
#.####..# #..#
#..(....# #..####
#####...## #.....#
##.....## .####.#..#
##.......##
........5####.........#
...<.....@@.'.........+
#####..(####.........#
##○.# ##.......## #...#
##.....## #†### ##...##
#.# ......# #...)...#
#.##.#.# #.#####.# #.
#.#.# # #


You could see Maggie (confused, ally target) and a friendly crimson imp
(summoned).

Vanquished Creatures
  Sigmund (D:6)
  A black bear (D:4)
  An ogre (D:6)
  A phantom (D:5)
  3 scorpions
  A water moccasin skeleton (D:5)
  A vampire bat (D:5)
  2 hounds
  A bullfrog skeleton (D:4)
  Terence (D:2)
  2 iguanas (D:5)
  A hound zombie (D:5)
  2 hound skeletons (D:4)
  3 adders
  7 gnolls (D:5)
  2 dart slugs
  3 fire bats (D:5)
  2 orcs (D:6)
  2 spectral bats (D:5)
  3 bat skeletons (D:5)
  A bat zombie (D:5)
  3 endoplasms
  5 goblins
  11 hobgoblins
  5 jackals (D:4)
  8 kobolds
  7 quokkas
  3 ball pythons (D:1)
  15 bats
  A bat simulacrum (D:5)
  4 frilled lizards
  2 rats (D:1)
105 creatures vanquished.

Vanquished Creatures (others)
  6 fungi (D:2)
  4 plants (D:2)
10 creatures vanquished.

Grand Total: 115 creatures vanquished

Notes
Turn   | Place    | Note
-------+----------+-------------------------------------------
     0 | D:1      | pokeman the Deep Elf Hedge Wizard began the quest for the
                  | Orb.
     0 | D:1      | Reached XP level 1. HP: 10/10 MP: 7/7
   339 | D:1      | Reached XP level 2. HP: 16/16 MP: 3/9
   895 | D:1      | Reached skill level 5 in Spellcasting
  1104 | D:2      | Reached XP level 3. HP: 20/20 MP: 6/11
  1108 | D:2      | Learned a level 3 spell: Mephitic Cloud
  1111 | D:2      | Learned a level 2 spell: Call Imp
  1114 | D:2      | Learned a level 2 spell: Blink
  1118 | D:2      | Learned a level 3 spell: Conjure Flame
  1266 | D:2      | Noticed Terence
  1277 | D:2      | Killed Terence
  1278 | D:2      | Reached skill level 1 in Fighting
  1278 | D:2      | Reached skill level 1 in Armour
  1750 | D:2      | Found a faded altar of an unknown god.
  2180 | D:3      | Reached XP level 4. HP: 25/25 MP: 10/13
  2762 | D:4      | Noticed a black bear
  2776 | D:4      | Killed a black bear
  2777 | D:4      | Reached skill level 6 in Spellcasting
  2777 | D:4      | Reached skill level 1 in Fire Magic
  2777 | D:4      | Reached XP level 5. HP: 24/29 MP: 5/15
  3018 | D:4      | Reached skill level 1 in Air Magic
  3063 | D:4      | Reached XP level 6. HP: 33/34 MP: 1/17
  3662 | D:4      | Reached skill level 7 in Spellcasting
  3695 | D:4      | Found Eqeblya's Jewellery Shoppe.
  3946 | D:5      | Entered Level 5 of the Dungeon
  4098 | D:5      | Reached skill level 1 in Poison Magic
  4098 | D:5      | Reached skill level 1 in Evocations
  4342 | D:5      | Reached XP level 7. HP: 36/38 MP: 7/20
  4530 | D:5      | Reached skill level 8 in Spellcasting
  5340 | D:5      | Found a staircase to the Ecumenical Temple.
  5414 | Temple   | Entered the Ecumenical Temple
  5458 | Temple   | Became a worshipper of Vehumet
  5614 | D:6      | Noticed Sigmund
  5626 | D:6      | Killed Sigmund
  5627 | D:6      | Reached XP level 8. HP: 45/45 MP: 12/22
  5706 | D:6      | Reached skill level 9 in Spellcasting
  5880 | D:6      | Identified the +1 ring mail of the Eight Boll Weevils {rF+
                  | rC- Int+9}
  5903 | D:6      | Noticed Maggie
  6069 | D:6      | HP: 1/45 [Maggie (11)]
  6069 | D:6      | Slain by Maggie

Illustrated notes

Levels and vault maps discovered:
D:1:      minmay_arrival_stair_chambers, layout_rooms,
          chequers_serial_rivers_room_a, nrook_mini_vaults
D:2:      layout_loops_ring, dreamdust_ecumenical_altar_hidden_monk_grotto,
          uniq_terence
D:3:      layout_rooms
D:4:      layout_basic, serial_shops, nicolae_diamond_shop,
          roderic_serpentine_path, minivault_19
D:5:      layout_rooms, minmay_temple_entry_enclosed_plants, goddamned_bats
D:6:      layout_loops_corners, hangedman_feature_mirror, uniq_sigmund,
          uniq_duvessa, uniq_maggie
Temple:   regret_index_temple_sigil_plot

Skill      XL: |  1  2  3  4  5  6  7  8 |
---------------+-------------------------+-----
Spellcasting   | 5 6 7 8 9 |  9.2
Fighting       | 1 2 |  2.4
Armour         | 1 |  1.1
Conjurations   | 2 3 4 |  4.7
Dodging        | 3 |  3.1
Fire Magic     | 1 2 3 |  3.3
Air Magic      | 1 |  1.0
Stealth        | 3 |  3.0
Poison Magic   | 1 |  1.0
Evocations     | 1 |  1.0
Summonings     | |  1.1
Translocations | |  1.1

Action                   |  1- 3 |  4- 6 |  7- 9 || total
-------------------------+-------+-------+-------++-------
Melee: Dagger            |     7 |     5 |       ||    12
       Hand axe          |       |    10 |       ||    10
       Staff             |       |    13 |    12 ||    25
 Cast: Magic Dart        |    84 |   104 |    76 ||   264
       Conjure Flame     |     1 |     7 |     8 ||    16
       Mephitic Cloud    |     1 |     4 |     6 ||    11
       Blink             |       |       |     1 ||     1
       Call Imp          |       |       |     2 ||     2
 Stab: Confused          |     1 |       |       ||     1
Armor: Robe              |     2 |     2 |       ||     4
       Leather armour    |       |    13 |    20 ||    33
Dodge: Dodged            |     6 |    28 |    51 ||    85

Table legend: (Time is in decaauts)
 A = Elapsed time spent in this place.
 B = Non-inter-level travel time spent in this place.
 C = Inter-level travel time spent in this place.
 D = Time resting spent in this place.
 E = Time spent auto-exploring this place.
 F = Levels seen in this place.
 G = Mean time per level.
                   A        B        C        D        E       F      G
               +--------+--------+--------+--------+--------+-----+--------+
         Total |   6075 |   5895 |    180 |    529 |   4630 |   7 |  867.9 |
       Dungeon |   6010 |   5850 |    160 |    529 |   4599 |   6 | 1001.7 |
        Temple |     65 |     45 |     20 |      0 |     31 |   1 |   65.0 |
               +--------+--------+--------+--------+--------+-----+--------+

Top non-repeatable levels by time:
     D:5: 1714 daAuts
     D:4: 1262 daAuts
     D:2: 1110 daAuts
     D:1: 1057 daAuts
     D:3: 517 daAuts
     D:6: 348 daAuts
  Temple: 65 daAuts
